 Dungeon Crawl Stone Soup version 0.31-a0-846-gb3bcc0d938 (webtiles) character file.

Game seed: 17770874360033370815

433 Flugkiller the Chiller (level 7, -4/55 HPs)
             Began as a Ghoul Ice Elementalist on Oct 4, 2023.
             Slain by Duvessa
             ... wielding a +3 rapier of draining
              (11 damage)
             ... on level 4 of the Dungeon.
             The game lasted 00:04:42 (3425 turns).

Flugkiller the Chiller (Ghoul Ice Elementalist)     Turns: 3425, Time: 00:04:43

Health: -4/55      AC: 12    Str: 12    XL:     7   Next: 0%
Magic:  4/12       EV: 12    Int: 18    God:
Gold:   153        SH:  0    Dex:  9    Spells: 3/14 levels left

rFire   . . .        e - staff of cold
rCold   + + .        (no shield)
rNeg    + + +        a - +0 robe
rPois   ∞            g - +1 helmet
rElec   .            (no cloak)
rCorr   .            (no gloves)
SInv    .            (no boots)
Will    .....        i - amulet of the acrobat {!a}
Stlth   ++           c - +6 ring of intelligence
HPRegen 0.00/turn    d - ring of wizardry
MPRegen 0.13/turn

%: acrobat, wizardry (x1)
@: ice-armoured, freezing walls, inhibited regen, hasted, invisible, very quick
A: claws 1, cold resistance 1, negative energy resistance 3, inhibited
regeneration, torment resistance 2, devour on kill
a: no special abilities


You were on level 4 of the Dungeon.
You visited 1 branch of the dungeon, and saw 4 of its levels.
You also visited: Sewer.

You collected 153 gold pieces.

Inventory:

Missiles
 f - a throwing net
Armour
 a - a +0 robe (worn)
 g - a +1 helmet (worn)
   (You found it on level 2 of the Dungeon)
Magical Staves
 e - a staff of cold (weapon)
   (You found it on level 2 of the Dungeon)
Jewellery
 c - a +6 ring of intelligence (left claw)
   (You found it on level 1 of the Dungeon)
 d - a ring of wizardry (right claw)
   (You found it on level 2 of the Dungeon)
 i - an amulet of the acrobat (around neck) {!a}
   (You found it on level 2 of the Dungeon)
Scrolls
 m - a scroll of vulnerability {unknown}
 r - a scroll of enchant weapon {unknown}
 s - a scroll of teleportation {unknown}
Potions
 b - 2 potions of magic
 j - a potion of enlightenment {unknown}
 k - 2 potions of invisibility
 l - a potion of cancellation {unknown}
 n - a potion of ambrosia {unknown}
 o - 2 potions of brilliance
 p - 2 potions of might {unknown}
 q - 2 potions of resistance {unknown}


   Skills:
 - Level 2.0 Fighting
 - Level 1.7 Dodging
 - Level 2.1 Stealth
 - Level 4.0 Spellcasting
 + Level 1.7 Summonings
 + Level 6.6 Ice Magic


You had 3 spell levels left.
You knew the following spells:

 Your Spells              Type           Power      Damage    Failure   Level
a - Freeze                Ice            100%       1d10      1%          1
b - Frozen Ramparts       Ice            82%        1d13      1%          3
c - Ozocubu's Armour      Ice            41%        N/A       1%          3
d - Summon Ice Beast      Ice/Summ       28%        N/A       11%         4

Your spell library contained the following spells:

 Spells                   Type           Power      Damage    Failure   Level
 Static Discharge         Conj/Air       6%         2-3/arc   9%          2
 Stone Arrow              Conj/Erth      6%         3d7       17%         3
 Swiftness                Air            3%         N/A       17%         3
 Arcjolt                  Conj/Air       1%         1d11      82%         5


Dungeon Overview and Level Annotations

Branches:
Dungeon (4/15) Zot: 20879   Sewer (visited)
 Temple: D:4-7

Altars:
Okawaru

Annotations:
D:4 Duvessa


Innate Abilities, Weirdness & Mutations

You are immune to poison.
You have sharp fingernails.
Your flesh is cold resistant. (rC+)
You are immune to negative energy. (rN+++)
You do not regenerate when monsters are visible.
You are immune to unholy pain and torment.
You thrive by killing the living.


Message History

Your ice beast is engulfed in a cloud of scalding steam.
Your ice beast dies!
Your ice beast disappears in a puff of smoke!
Duvessa rages.
Casting: Summon Ice Beast (quite dangerous; 12% risk of failure)
Confirm with . or Enter, or press ? or * to list all spells.
You feel a surge of power!
The walls around you are covered in ice.
Casting: Frozen Ramparts (safe; 1% risk of failure)
Confirm with . or Enter, or press ? or * to list all spells.
You don't have enough magic to cast this spell.
Unknown command.
Casting: Frozen Ramparts (safe; 1% risk of failure)
Confirm with . or Enter, or press ? or * to list all spells.
Aiming: Freeze (safe; 1% risk of failure)
Press: ? - help, Shift-Dir - straight line, f - ogre
Aim: an ogre, wielding a +0 giant club (moderately wounded)
You feel a surge of power!
You freeze the ogre!
The ogre is heavily wounded.
The wall freezes the ogre.
The ogre hits you with a +0 giant club!
You hit the ogre.
The ogre is severely wounded.
Unknown command.
You aren't carrying any items that you can evoke.
Unknown command.
You feel yourself speed up.
The wall freezes the ogre!
You kill the ogre!
You hear a splash.
The wall freezes Duvessa.
Training target 2.0 for Fighting reached!
Your Fighting skill increases to level 2!
You have reached level 7!
Okay, then.
Casting: Freeze (safe; 1% risk of failure)
Confirm with . or Enter, or press ? or * to list all spells.
Aiming: Freeze (safe; 1% risk of failure)
Press: ? - help, Shift-Dir - straight line, f - Duvessa
Aim: Duvessa, wielding a +3 rapier of draining, wearing a +0 leather armour and carrying a wand of flame (lightly wounded, berserk)
You feel a surge of power!
You freeze Duvessa.
Duvessa is lightly wounded.
The wall freezes Duvessa.
Duvessa misses you.
It was a potion of invisibility.
You fade into invisibility!
The wall freezes Duvessa but does no damage.
Duvessa barely misses you.
Unknown command.
Magic courses through your body.
The wall freezes Duvessa but does no damage.
Duvessa hits you with a +3 rapier of draining!
Unknown command.
Casting: Freeze (safe; 1% risk of failure)
Confirm with . or Enter, or press ? or * to list all spells.
You feel a surge of power! A film of ice covers your body!
The wall freezes Duvessa.
Duvessa closely misses you.
Unknown command.
Casting: Ozocubu's Armour (safe; 1% risk of failure)
Confirm with . or Enter, or press ? or * to list all spells.
Aiming: Freeze (safe; 1% risk of failure)
Press: ? - help, Shift-Dir - straight line, f/p - Duvessa
Aim: Duvessa, wielding a +3 rapier of draining, wearing a +0 leather armour and carrying a wand of flame (lightly wounded, berserk, unable to see you)
You feel a surge of power!
You freeze Duvessa!
Duvessa is moderately wounded.
The wall freezes Duvessa but does no damage.
Duvessa closely misses you.
Casting: Freeze (safe; 1% risk of failure)
Confirm with . or Enter, or press ? or * to list all spells.
Aiming: Freeze (safe; 1% risk of failure)
Press: ? - help, Shift-Dir - straight line, f/p - Duvessa
Aim: Duvessa, wielding a +3 rapier of draining, wearing a +0 leather armour and carrying a wand of flame (moderately wounded, berserk, unable to see you)
You feel a surge of power!
You freeze Duvessa!
Duvessa is heavily wounded.
The wall freezes Duvessa.
Duvessa barely misses you.
Casting: Freeze (safe; 1% risk of failure)
Confirm with . or Enter, or press ? or * to list all spells.
Aiming: Freeze (safe; 1% risk of failure)
Press: ? - help, Shift-Dir - straight line, f/p - Duvessa
Aim: Duvessa, wielding a +3 rapier of draining, wearing a +0 leather armour and carrying a wand of flame (heavily wounded, berserk, unable to see you)
You feel a surge of power!
You freeze Duvessa.
Duvessa is heavily wounded.
The wall freezes Duvessa.
Duvessa closely misses you.
Casting: Freeze (safe; 1% risk of failure)
Confirm with . or Enter, or press ? or * to list all spells.
Aiming: Freeze (safe; 1% risk of failure)
Press: ? - help, Shift-Dir - straight line, f/p - Duvessa
Aim: Duvessa, wielding a +3 rapier of draining, wearing a +0 leather armour and carrying a wand of flame (heavily wounded, berserk, unable to see you)
You feel a surge of power!
You freeze Duvessa!
Duvessa is severely wounded.
The wall freezes Duvessa.
Duvessa hits you with a +3 rapier of draining!
* * * LOW HITPOINT WARNING * * *
Casting: Freeze (safe; 1% risk of failure)
Confirm with . or Enter, or press ? or * to list all spells.
Aiming: Freeze (safe; 1% risk of failure)
Press: ? - help, Shift-Dir - straight line, f/p - Duvessa
Aim: Duvessa, wielding a +3 rapier of draining, wearing a +0 leather armour and carrying a wand of flame (severely wounded, berserk, unable to see you)
You feel a surge of power!
You freeze Duvessa.
Duvessa is severely wounded.
The wall freezes Duvessa.
Duvessa hits you with a +3 rapier of draining!
You die...

#..#######~..###~~~...?...#
#....<##.~..~##~.#...e...#
#...####†≈#≈~≈#≈~#.......#
#.#.####.≈#≈~≈#≈)#.........
#.#...##~≈#≈÷≈#≈.#.O.##.e..
##.....#.≈#≈.≈#≈~#...+ ...
#...#.#~≈#≈.≈#≈~#...# ..
+...#.#.≈#≈~≈#≈~#...# .
#.....~..##~.@e~#...#
#.....~~~###..~##...#
#.........~## #####
#.......#...# #############


You could see Duvessa (berserk, unable to see you).

Vanquished Creatures
  An ogre (D:4)
  2 jellies (Sewer)
  An iguana (D:3)
  Natasha (thrice) (D:3)
  6 adders
  A worm (D:2)
  3 dart slugs
  6 ball pythons
  15 endoplasms
  6 giant cockroaches
  7 goblins
  A hobgoblin (D:2)
  3 kobolds
  3 quokkas
  7 bats
  6 frilled lizards
  6 rats
77 creatures vanquished.

Vanquished Creatures (collateral kills)
  Dowan (D:4)
1 creature vanquished.

Grand Total: 78 creatures vanquished

Notes
Turn   | Place    | Note
-------+----------+-------------------------------------------
     0 | D:1      | Flugkiller the Ghoul Ice Elementalist began the quest for
                  | the Orb.
     0 | D:1      | Reached XP level 1. HP: 14/14 MP: 2/2
   210 | D:1      | Reached XP level 2. HP: 19/20 MP: 0/4
   323 | D:1      | You fall into a shaft and drop 1 floor!
   472 | D:2      | Reached skill level 5 in Ice Magic
   472 | D:2      | Reached XP level 3. HP: 26/26 MP: 3/5
   615 | D:1      | Got a black book
  1445 | D:2      | Found an iron altar of Okawaru.
  1932 | D:2      | Learned a level 3 spell: Frozen Ramparts
  1936 | D:2      | Learned a level 3 spell: Ozocubu's Armour
  1989 | D:3      | Reached XP level 4. HP: 31/33 MP: 5/7
  2016 | D:3      | Noticed Natasha
  2022 | D:3      | Killed Natasha
  2265 | D:3      | Identified the +2 dagger of the Sage {freeze, Will- rCorr
                  | MP+9 Stlth+}
  2308 | D:3      | Noticed Natasha
  2312 | D:3      | Killed Natasha
  2313 | D:3      | Reached XP level 5. HP: 34/38 MP: 4/8
  2662 | D:3      | Noticed Natasha
  2666 | D:3      | Killed Natasha
  2667 | D:3      | Reached skill level 6 in Ice Magic
  2969 | D:4      | Found a glowing drain.
  3061 | Sewer    | Entered a sewer
  3102 | Sewer    | Reached XP level 6. HP: 46/46 MP: 2/11
  3107 | Sewer    | Learned a level 4 spell: Summon Ice Beast
  3250 | Sewer    | Found a viscous altar of Jiyva.
  3278 | Sewer    | Reached skill level 1 in Fighting
  3343 | Sewer    | Reached skill level 1 in Summonings
  3394 | D:4      | Noticed Dowan
  3396 | D:4      | Noticed Duvessa
  3409 | D:4      | Killed Dowan
  3417 | D:4      | Reached XP level 7. HP: 28/55 MP: 2/12
  3425 | D:4      | Slain by Duvessa

Illustrated notes

Levels and vault maps discovered:
D:1:      reono_arrival_mine, layout_basic, serial_corexii_hall,
          chequers_hall_statues_corner_a, corexii_hall_statues_l,
          nicolae_the_louvre
D:2:      layout_basic, basic_altar
D:3:      layout_basic, uniq_natasha
D:4:      layout_basic, nicolae_tso_carved_into_rock, ashenzari_altar_1,
          nicolae_overflow_two_pavilions, gup_sewer_entry_pipe, sigmund_army,
          uniq_duvessa, uniq_crazy_yiuf_cottage, uniq_grinder,
          uniq_blork_the_orc

Skill      XL: |  1  2  3  4  5  6 |
---------------+-------------------+-----
Spellcasting   | 2 3 4 |  4.0
Ice Magic      | 5 6 |  6.6
Fighting       | 2 |  2.0
Summonings     | 1 |  1.7
Dodging        | |  1.7
Stealth        | |  2.1

Action                     |  1- 3 |  4- 6 |  7- 9 || total
---------------------------+-------+-------+-------++-------
  Melee: Unarmed           |     7 |       |       ||     7
         Staff             |    14 |    24 |       ||    38
   Cast: Freeze            |    35 |    51 |     6 ||    92
         Frozen Ramparts   |       |     9 |       ||     9
         Summon Ice Beast  |       |     1 |       ||     1
         Ozocubu's Armour  |       |       |     1 ||     1
    Use: Scroll            |     4 |     2 |       ||     6
         Potion            |       |     1 |     2 ||     3
   Stab: Sleeping          |     3 |     2 |       ||     5
 Armour: Robe              |    19 |    30 |     3 ||    52
  Dodge: Dodged            |    32 |    51 |     6 ||    89

Table legend: (Time is in decaauts)
 A = Elapsed time spent in this place.
 B = Non-inter-level travel time spent in this place.
 C = Inter-level travel time spent in this place.
 D = Time resting spent in this place.
 E = Time spent auto-exploring this place.
 F = Levels seen in this place.
 G = Mean time per level.
                   A        B        C        D        E       F      G
               +--------+--------+--------+--------+--------+-----+--------+
         Total |   3467 |   3365 |    102 |    538 |   2158 |   5 |  693.4 |
       Dungeon |   3119 |   3017 |    102 |    436 |   2053 |   4 |  779.8 |
         Sewer |    348 |    348 |      0 |    102 |    104 |   1 |  348.0 |
               +--------+--------+--------+--------+--------+-----+--------+

Top non-repeatable levels by time:
     D:1: 1015 daAuts
     D:2: 964 daAuts
     D:3: 962 daAuts
   Sewer: 348 daAuts
     D:4: 177 daAuts
